 Dungeon Crawl Stone Soup version 0.27.1-33-g824d729ab1 (webtiles) character file.

Game seed: 11232458444707043684

40 lordive the Cudgeller (level 3, -2/23 HPs)
             Began as a Gargoyle Monk on Dec 27, 2021.
             Slain by Robin (3 damage)
             ... on level 2 of the Dungeon.
             The game lasted 00:01:24 (1830 turns).

lordive the Cudgeller (Gargoyle Monk)               Turns: 1830, Time: 00:01:24

Health: -2/23      AC:  8    Str: 15    XL:     3   Next: 50%
Magic:  3/3        EV:  6    Int: 10    God:
Gold:   59         SH: 11    Dex: 12    Spells: 2/2 levels left

rFire    . . .     SeeInvis .   a - +0 mace
rCold    . . .     Faith    .   c - +0 tower shield
rNeg     + . .     Spirit   .   f - +0 ring mail
rPois    ∞         Reflect  .   (no helmet)
rElec    +         Harm     .   (no cloak)
rCorr    .         Rampage  .   (no gloves)
Will     .....                  (no boots)
Stlth    +.........             (no amulet)
HPRegen  0.07/turn              (no ring)
MPRegen  0.08/turn              (no ring)

@: no status effects
A: sickness immunity, AC +3, negative energy resistance 1, electricity
resistance, torment resistance 1, petrification resistance
a: no special abilities


You were on level 2 of the Dungeon.
You visited 1 branch of the dungeon, and saw 2 of its levels.

You collected 59 gold pieces.

Inventory:

Hand Weapons
 a - a +0 mace (weapon)
Armour
 c - a +0 tower shield (worn)
 f - a +0 ring mail (worn)
Scrolls
 e - a scroll of identify {unknown}
Potions
 b - a potion of brilliance {unknown}
 d - a potion of curing {unknown}
 g - a potion of haste {unknown}
 h - a potion of flight {unknown}


   Skills:
 + Level 3.5 Fighting
 + Level 3.6 Maces & Flails
 + Level 0.2 Armour
 + Level 2.8 Dodging
 + Level 2.3 Stealth
 + Level 0.9 Shields


You had 2 spell levels left.
You didn't know any spells.
Your spell library was empty.

Dungeon Overview and Level Annotations

Branches:
Dungeon (2/15)

Altars:

Annotations:
D:2 Robin


Innate Abilities, Weirdness & Mutations

You are immune to sickness and miasma.
Your stone body is resilient. (AC +3)
You are immune to poison.
You resist negative energy. (rN+)
You are resistant to electric shocks. (rElec)
You are resistant to unholy torment.
You are immune to petrification.


Message History

You block the hobgoblin's attack. The goblin hits you but does no damage.
The hobgoblin shouts!
You hit the goblin.
You kill the goblin!
The hobgoblin hits you.
A goblin comes into view. It is wielding a +0 club.
The goblin shouts!
You see here a +0 dagger.
You sock the hobgoblin!
You kill the hobgoblin!
A goblin comes into view. It is wielding a +0 club.
The goblin shouts!
You hit the hobgoblin but do no damage.
A goblin comes into view. It is wielding a +2 dagger of venom.
The hobgoblin hits you but does no damage.
Robin hits you from afar with a +4 vorpal spear.
You block the hobgoblin's attack.
The goblin shouts!
You hit the hobgoblin.
You kill the hobgoblin!
Robin throws the goblin at you! You block the goblin's attack.
Robin hits you from afar with a +4 vorpal spear.
The goblin hits you but does no damage. Robin hits you but does no damage.
You see here a hobgoblin corpse.
You hit Robin but do no damage. Robin hits you but does no damage.
You block the goblin's attack. The goblin hits you with a +0 club.
* * * LOW HITPOINT WARNING * * *
You block Robin's attack.
You barely miss the goblin.
The hobgoblin no longer looks unusually strong.
The goblin barely misses you.
Robin roars a battlecry!
The goblins go into a battle-frenzy!
A goblin comes into view. It is wielding a +0 dagger.
Your shield prevents you from hitting the goblin.
Robin hits you with a +4 vorpal spear.
* * * LOW HITPOINT WARNING * * *
x2 You block the goblin's attack. x2; Robin hits you with a +4 vorpal spear.
You die...

#...........#
#.########..#
#.#
#.....#####
#.#
#.##...[..#
#.# #
######.# #.#
#.# #.# #.#
##.#####.#
#g#
#..>......
#@#
#..#####.#
#g# ...# #g#
#.## #g#
..†.....^


.gg ..####... ... ... ##. ..# .# ... You could see Robin, a hobgoblin (strong)
and 4 goblins.

Vanquished Creatures
  An adder (D:2)
  A dart slug (D:1)
  4 ball pythons (D:1)
  3 endoplasms (D:1)
  A giant cockroach (D:1)
  3 goblins
  4 hobgoblins
  2 quokkas (D:1)
  4 bats (D:1)
  2 rats (D:1)
25 creatures vanquished.

Notes
Turn   | Place    | Note
-------+----------+-------------------------------------------
     0 | D:1      | lordive the Gargoyle Monk began the quest for the Orb.
     0 | D:1      | Reached XP level 1. HP: 14/14 MP: 1/1
   492 | D:1      | Reached XP level 2. HP: 11/19 MP: 2/2
   790 | D:1      | Found a faded altar of an unknown god.
  1614 | D:1      | Reached XP level 3. HP: 23/23 MP: 3/3
  1819 | D:2      | Noticed Robin
  1830 | D:2      | HP: 1/23 [Robin (1)]
  1830 | D:2      | Slain by Robin

Illustrated notes

Levels and vault maps discovered:
D:1:      elethiomel_arrival_infinity_welcomes_careful_drivers, layout_basic,
          hellmonk_ecumenical_altar_blasted
D:2:      layout_loops_ring, basic_altar, uniq_natasha, uniq_robin

Action                   || total
-------------------------++-------
Melee: Mace              ||    95
 Stab: Sleeping          ||     5
Armor: Robe              ||    17
       Ring mail         ||    27
Dodge: Dodged            ||    46
Block: Tower shield      ||    52
